 Dungeon Crawl Stone Soup version 0.29-a0-364-g921d912d32 (webtiles) character file.

Game seed: 2436618023271770482

107299 holysushi the Spry (level 17, 0/115 HPs)
             Began as a Kobold Monk on Apr 30, 2022.
             Was an Initiate of Gozag.
             Slain by a hornet (8 damage)
             ... created by a shambling mangrove
             ... while paralysed by a hornet
             ... on level 1 of the Swamp on May 1, 2022.
             The game lasted 00:50:30 (34783 turns).

holysushi the Spry (Kobold Monk)                   Turns: 34783, Time: 00:50:31

Health: 0/115      AC:  8    Str:  9    XL:     17   Next: 1%
Magic:  0/26       EV:  0    Int: 15    God:    Gozag
Gold:   5405       SH:  0    Dex: 24    Spells: 21/28 levels left

rFire   . . .      SeeInvis .   l - +6 rapier "Killer Bee's Death" {drain, rN++}
rCold   . . .      Faith    .   (no shield)
rNeg    + + +      Spirit   +   I - +1 steam dragon scales
rPois   +          Reflect  .   (no helmet)
rElec   .          Harm     .   v - scarf {shadows}
rCorr   .          Rampage  .   V - +0 pair of gloves
Will    ++...                   e - +0 pair of boots
Stlth   +++++++...              E - amulet of guardian spirit
HPRegen 0.29/turn               P - ring of poison resistance
MPRegen 0.20/turn               i - ring of Midsummer {Wiz rN+ Will+ Int+3}

@: paralysed, grasped by roots, gold aura, slowed, constricted, studying Axes
A: small, no large weapons, nightstalker 3
a: Renounce Religion, Potion Petition, Call Merchant, Bribe Branch


You were on level 1 of the Swamp.
You worshipped Gozag.
Gozag was greatly pleased with you.
You visited 5 branches of the dungeon, and saw 25 of its levels.
You visited 1 bazaar.

You collected 7504 gold pieces.
You spent 2099 gold pieces at shops.

Inventory:

Hand Weapons
 l - the +6 rapier "Killer Bee's Death" (weapon) {drain, rN++}
   (You found it on level 4 of the Lair of Beasts)

   A truly terrible weapon, it drains the life of any living foe it strikes.
   rN:        It greatly protects you from negative energy.
Missiles
 K - 2 throwing nets (quivered)
Armour
 e - a +0 pair of boots (worn)
 v - a scarf of shadows (worn)
 I - +1 steam dragon scales (worn)
 V - a +0 pair of gloves (worn)
Jewellery
 a - a ring of fire
 b - a ring of resist corrosion
 d - a +4 ring of protection
 i - the ring of Midsummer (right hand) {Wiz rN+ Will+ Int+3}
   (You found it on level 6 of the Lair of Beasts)

   [ring of wizardry]

   It improves your spell success rate.
   Int:       It affects your intelligence (+3).
   rN:        It protects you from negative energy.
   Will:      It increases your willpower.
 E - an amulet of guardian spirit (around neck)
 P - a ring of poison resistance (left hand)
 Z - a ring of protection from cold
Wands
 k - a wand of flame (10)
 w - a wand of paralysis (17)
 z - a wand of digging (22)
 C - a wand of iceblast (5)
 D - a wand of charming (14)
 F - a wand of polymorph (9)
 G - a wand of acid (19)
 M - a wand of mindburst (9)
Scrolls
 h - 11 scrolls of teleportation
 r - 3 scrolls of holy word
 t - 2 scrolls of enchant weapon
 y - a scroll of magic mapping
 B - 3 scrolls of enchant armour
 L - 3 scrolls of fear
 N - 2 scrolls of fog
 R - 3 scrolls of blinking
 S - 2 scrolls of brand weapon
 Y - a scroll of vulnerability
Potions
 c - 3 potions of ambrosia
 f - 7 potions of mutation
 g - 2 potions of flight
 j - 3 potions of resistance
 m - 4 potions of curing
 n - 6 potions of haste
 o - 10 potions of attraction
 p - 6 potions of brilliance
 q - 6 potions of cancellation
 s - 9 potions of heal wounds
 u - 4 potions of berserk rage
 A - a potion of invisibility
 H - a potion of lignification
 T - a potion of might
 W - 2 potions of magic
Miscellaneous
 x - a phantom mirror
 J - a piece from Xom's chessboard (15/15)
 O - a condenser vane
 Q - a phial of floods
 U - a box of beasts


   Skills:
 * Level 16.1 Fighting
 - Level 15.0 Short Blades
 - Level 20.1 Dodging
 - Level 15.0 Stealth
 - Level 6.0 Spellcasting
 + Level 6.1 Translocations
 - Level 9.0 Evocations


You had 21 spell levels left.
You knew the following spells:

 Your Spells              Type           Power      Damage    Failure   Level
a - Blink                 Tloc           46%        N/A       1%          2
b - Manifold Assault      Tloc           23%        N/A       13%         5

Your spell library contained the following spells:

 Spells                   Type           Power      Damage    Failure   Level
 Apportation              Tloc           46%        N/A       1%          1
 Gell's Gravitas          Tloc           23%        N/A       1%          3
 Animate Skeleton         Necr           8%         N/A       6%          1
 Foxfire                  Conj/Fire      16%        2x1d4     6%          1
 Pain                     Necr           16%        1d4       6%          1
 Slow                     Hex            16%        N/A       6%          1
 Sting                    Tmut/Pois      16%        1d3       6%          1
 Summon Small Mammal      Summ           16%        N/A       6%          1
 Poisonous Vapours        Pois/Air       8%         N/A       9%          2
 Scorch                   Fire           8%         2d5       9%          2
 Iskenderun's Mystic Bla  Conj/Tloc      13%        2d5       16%         4
 Confusing Touch          Hex            4%         N/A       17%         3
 Conjure Flame            Conj/Fire      4%         6-21      17%         3
 Inner Flame              Hex/Fire       4%         N/A       17%         3
 Stone Arrow              Conj/Erth      8%         3d7       17%         3
 Vampiric Draining        Necr           4%         2d6       17%         3
 Summon Forest            Summ/Tloc      6%         N/A       41%         5
 Animate Armour           Summ/Erth      8%         N/A       47%         4
 Animate Dead             Necr           2%         N/A       47%         4
 Cause Fear               Hex            2%         N/A       47%         4
 Flame Wave               Conj/Fire      4%         2d5       47%         4
 Petrify                  Tmut/Erth      4%         N/A       47%         4
 Dispersal                Tloc           11%        N/A       54%         6
 Agony                    Necr           4%         N/A       82%         5
 Blade Hands              Tmut           2%         N/A       82%         5
 Borgnjor's Vile Clutch   Necr/Erth      2%         N/A       82%         5
 Excruciating Wounds      Necr           2%         N/A       82%         5
 Fireball                 Conj/Fire      2%         3d4       82%         5
 Freezing Cloud           Conj/Ice/Air   2%         6-21      82%         5
 Irradiate                Conj/Tmut      2%         3d14      82%         5
 Lightning Bolt           Conj/Air       2%         1d13      82%         5
 Metabolic Englaciation   Hex/Ice        2%         N/A       82%         5
 Conjure Ball Lightning   Conj/Air       2%         3x3d6     100%        6
 Death Channel            Necr           2%         N/A       100%        6
 Simulacrum               Ice/Necr       2%         N/A       100%        6
 Starburst                Conj/Fire      2%         6d3       100%        6
 Statue Form              Tmut/Erth      2%         N/A       100%        6
 Summon Cactus Giant      Summ           2%         N/A       100%        6
 Dragon Form              Tmut           2%         N/A       100%        7
 Storm Form               Tmut/Air       2%         N/A       100%        7
 Discord                  Hex            2%         N/A       100%        8
 Ignition                 Fire           2%         3d3       100%        8
 Lehudib's Crystal Spear  Conj/Erth      2%         10d2      100%        8
 Fire Storm               Conj/Fire      2%         8d1       100%        9
 Polar Vortex             Ice            2%         N/A       100%        9


Dungeon Overview and Level Annotations

Branches:
Dungeon (15/15)            Temple (1/1) D:5            Lair (6/6) D:8
  Swamp (1/4) Lair:2        Snake (0/4) Lair:2        Slime (0/5) Lair:5
    Orc (2/2) D:9             Elf (0/3) Orc:2        Vaults (0/5) D:14
 Depths (0/4) D:15

Altars:
Ashenzari
Cheibriados
Dithmenos
Elyvilon
Fedhas
Gozag
Hepliaklqana
Kikubaaqudgha
Makhleb
Nemelex Xobeh
Okawaru
Qazlal
Ru
Sif Muna
Trog
Uskayaw
Vehumet
Wu Jian
Xom
Yredelemnul
Zin
The Shining One
Beogh

Shops:
D:3 (   Orc:2 [[!*

Annotations:
D:6 2 transporters


Innate Abilities, Weirdness & Mutations

You are small and have problems with some larger weapons.
You are completely attuned to the shadows.


Message History

The grasping roots constrict you.
* * * LOW HITPOINT WARNING * * *
Unknown command.
You hit the shambling mangrove. You drain the shambling mangrove.
The shambling mangrove is severely damaged.
Unknown command.
You hit the shambling mangrove. You drain the shambling mangrove.
The shambling mangrove is severely damaged.
Unknown command.
You completely miss the shambling mangrove.
The shambling mangrove is severely damaged.
Angry insects surge out from beneath the shambling mangrove's foliage!
The shambling mangrove completely misses you.
The grasping roots constrict you.
* * * LOW HITPOINT WARNING * * *
Unknown command.
You hit the hornet.
The hornet is lightly wounded.
Unknown command.
You puncture the shambling mangrove!
The shambling mangrove is almost destroyed.
The hornet completely misses you. The shambling mangrove misses you.
The grasping roots constrict you.
* * * LOW HITPOINT WARNING * * *
Unknown command.
You hit the shambling mangrove but do no damage.
The shambling mangrove is almost destroyed.
Unknown command.
You puncture the shambling mangrove! You drain the shambling mangrove.
The shambling mangrove is almost destroyed.
The hornet stings you.
* * * LOW HITPOINT WARNING * * *
You feel yourself slow down. The hornet stings you!
* * * LOW HITPOINT WARNING * * *
You suddenly lose the ability to move!
The shambling mangrove hits you.
* * * LOW HITPOINT WARNING * * *
The grasping roots constrict you. The hornet stings you!
You die...
Your body crumbles into a pile of gold.

.≈....≈.≈♣.......♣..≈
≈♣♣♣°≈☼○≈♣.≈≈≈≈≈≈♣...
♣♣○○≈≈≈.≈♣§≈≈≈..♣♣
♣♣..°.≈≈≈♣≈≈≈≈..♣♣
♣).♣♣≈≈..≈...♣♣.♣♣
♣≈≈§≈≈.○≈≈..♣♣♣.♣♣
♣$♣§§≈.≈≈≈≈♣♣ ♣♣♣
♣♣yfy≈.≈○♣≈.♣
♣.@.♣♣..≈≈≈.♣ $
♣≈y♣♣♣♣.≈..♣# . ♣♣.♣♣
♣....♣♣ . ♣≈.♣ ♣≈≈≈♣♣
♣≈♣♣ ♣♣.♣♣♣ ♣.♣ ♣≈≈.♣
♣♣♣ ♣♣.♣♣ ♣.♣ ♣♣♣


You could see a shambling mangrove (very drained) and 3 hornets.

Vanquished Creatures
  Nessos (D:13)
  A bunyip (Swamp:1)
  A fire dragon (D:14)
  2 great orbs of eyes
  Erolcha (D:13)
  Fannar (Lair:3)
  3 boulder beetles
  5 centaur warriors
  3 catoblepae
  An ogre mage (D:14)
  13 hydras
  2 ghost crabs (Swamp:1)
  5 two-headed ogres
  The ghost of spaghetti the Protected, a novice NaFi of Cheibriados (D:9)
  A merfolk avatar (Lair:6)
  An alligator (Swamp:1)
  2 tengu warriors (D:13)
  The ghost of turdburglar the Slicer, a novice MiFi of Hepliaklqana (D:9)
  6 death yaks (Lair:6)
  3 orc high priests (Orc:2)
  Nergalle (Lair:2)
  Sonja (D:12)
  The ghost of HuGe the Cleaver, a novice MiBe of Trog (D:9)
  A skeletal warrior (D:15)
  4 sea snakes (Lair:6)
  A flayed ghost (D:15)
  2 swamp dragons (Swamp:1)
  An obsidian statue (D:14)
  2 wizards
  6 deep elf pyromancers
  A necromancer (D:15)
  2 wolf spiders (D:14)
  A harpy (Lair:6)
  4 orc knights
  19 ugly things
  8 cyclopes
  4 orc sorcerers (Orc:2)
  A faun (shapeshifter) (D:11)
  7 manticores
  A will-o-the-wisp (Swamp:1)
  Joseph (D:9)
  8 black mambas
  A frost giant skeleton (D:15)
  3 elephants (Lair:6)
  3 orange demons (D:10)
  A gargoyle (D:10)
  Maggie (D:8)
  14 cane toads
  6 rime drakes
  2 kobold demonologists
  An efreet (D:14)
  10 komodo dragons
  2 tengu conjurers
  A guardian mummy (D:15)
  3 red devils (D:10)
  5 trolls
  A meliai (D:14)
  8 polar bears
  2 hornets (Lair:6)
  6 slime creatures (D:14)
  A spriggan zombie (D:15)
  12 blink frogs
  An ettin zombie (D:15)
  A snapping turtle (Lair:6)
  8 dream sheep (Lair:6)
  A centaur simulacrum (D:14)
  2 vampires
  A shadow (D:12)
  2 spriggans (shapeshifter) (D:14)
  A spriggan skeleton (D:15)
  4 wraiths
  8 basilisks
  6 wyverns
  32 yaks
  A human (D:11)
  2 steam dragons (Lair:6)
  A basilisk (shapeshifter) (D:14)
  A redback (D:14)
  10 vampire mosquitoes
  A warg (Orc:2)
  2 nagas (Lair:2)
  2 swamp worms (Lair:2)
  An acid dragon (D:12)
  16 water moccasins
  17 orc warriors
  4 ice beasts
  A black bear (shapeshifter) (D:14)
  11 black bears
  A sky beast (D:8)
  10 centaurs
  3 ogres
  5 boggarts (D:15)
  24 wolves
  2 phantoms (D:5)
  6 kobold brigands
  8 bullfrogs
  2 necrophages (D:6)
  3 gnoll sergeants
  3 scorpions (D:6)
  8 wights
  An electric eel (Lair:3)
  7 howler monkeys
  2 hounds
  7 jellies
  18 orc priests
  2 iguanas
  Terence (D:2)
  14 orc wizards
  18 gnolls
  8 adders
  3 white imps
  3 dart slugs
  65 orcs
  6 bats
  7 endoplasms
  2 giant cockroaches
  8 hobgoblins
  3 jackals (D:3)
  4 quokkas
  4 ball pythons
  2 frilled lizards (D:3)
  5 goblins
  24 kobolds
  5 rats
645 creatures vanquished.

Vanquished Creatures (others)
  A bloated husk (Swamp:1)
  A dream sheep (Lair:6)
  3 orc wizards
  56 fungi
  79 plants
  2 withered plants (D:15)
142 creatures vanquished.

Grand Total: 787 creatures vanquished

Notes
Turn   | Place    | Note
-------+----------+-------------------------------------------
     0 | D:1      | holysushi the Kobold Monk began the quest for the Orb.
     0 | D:1      | Reached XP level 1. HP: 14/14 MP: 1/1
   186 | D:1      | Reached XP level 2. HP: 19/19 MP: 2/2
   742 | D:1      | Reached XP level 3. HP: 24/24 MP: 3/3
   747 | D:1      | Reached skill level 5 in Short Blades
   897 | D:2      | Found a basalt altar of Yredelemnul.
   960 | D:2      | Noticed Terence
   975 | D:2      | Killed Terence
   976 | D:2      | Reached XP level 4. HP: 27/29 MP: 4/4
  1685 | D:3      | Found a faded altar of an unknown god.
  1728 | D:3      | Found Uxzay's Weapon Emporium.
  1757 | D:3      | Reached XP level 5. HP: 33/33 MP: 5/5
  2701 | D:4      | Noticed a black bear
  2729 | D:4      | Killed a black bear
  2730 | D:4      | Reached XP level 6. HP: 34/39 MP: 6/6
  2917 | D:4      | You fall into a shaft and drop 3 floors!
  2966 | D:6      | Noticed a wyvern
  2967 | D:5      | Entered Level 5 of the Dungeon
  3020 | D:5      | Reached skill level 5 in Fighting
  3107 | D:5      | Reached XP level 7. HP: 44/44 MP: 7/7
  3160 | D:5      | Found a staircase to the Ecumenical Temple.
  3932 | Temple   | Entered the Ecumenical Temple
  4159 | Temple   | Became a worshipper of Gozag Ym Sagoz the Greedy
  4223 | D:6      | Killed a wyvern
  4224 | D:6      | Reached XP level 8. HP: 41/51 MP: 8/8
  4249 | D:6      | Reached skill level 10 in Short Blades
  4662 | D:6      | Found a transporter.
  4686 | D:6      | Noticed a toenail golem
  5078 | D:6      | Found a transporter.
  5323 | D:6      | Reached skill level 4 in Dodging
  5323 | D:6      | Reached XP level 9. HP: 48/57 MP: 9/9
  5738 | D:7      | Reached skill level 5 in Dodging
  5754 | D:6      | Reached skill level 6 in Dodging
  5917 | D:7      | Noticed a cyclops
  5935 | D:6      | Killed a cyclops
  5936 | D:6      | Reached skill level 7 in Dodging
  6014 | D:7      | Reached skill level 8 in Dodging
  6896 | D:7      | Reached skill level 9 in Dodging
  7024 | D:7      | Found a shadowy altar of Dithmenos.
  7024 | D:7      | Found a sacrificial altar of Ru.
  7565 | D:8      | Reached skill level 1 in Evocations
  7581 | D:8      | Reached XP level 10. HP: 28/63 MP: 10/10
  7936 | D:8      | Reached skill level 10 in Dodging
  8184 | D:8      | Noticed Maggie
  8190 | D:8      | Killed Maggie
  8191 | D:8      | Reached skill level 5 in Stealth
  8741 | D:8      | Found a staircase to the Lair.
  8778 | D:9      | Got the Grimoire of Displaced Air
  8970 | D:9      | Noticed Joseph
  8974 | D:9      | Killed Joseph
  9035 | D:9      | HP: 3/65 [poisoned by an orc]
  9327 | D:9      | Reached skill level 11 in Dodging
  9549 | D:9      | Reached XP level 11. HP: 29/69 MP: 11/11
  9926 | D:9      | Found a runed translucent gate.
  9927 | D:9      | Found a runed translucent gate.
  9928 | D:9      | Found a runed translucent gate.
 10058 | D:9      | Found a hide-covered altar of Uskayaw.
 10058 | D:9      | Found a burning altar of Makhleb.
 10782 | D:9      | Found a staircase to the Orcish Mines.
 10916 | D:10     | Entered Level 10 of the Dungeon
 11193 | D:10     | Reached skill level 12 in Dodging
 11824 | Lair:1   | Entered Level 1 of the Lair of Beasts
 12702 | Lair:1   | Noticed a seven-headed hydra
 12706 | Lair:1   | Killed a seven-headed hydra
 13098 | Lair:2   | Reached skill level 13 in Dodging
 13178 | Lair:2   | Found a staircase to the Snake Pit.
 13220 | Lair:2   | Reached XP level 12. HP: 21/77 MP: 12/12
 13610 | Lair:2   | Reached skill level 10 in Fighting
 14236 | Lair:2   | Reached skill level 14 in Dodging
 14570 | Lair:2   | Noticed a boulder beetle
 14576 | Lair:2   | Killed a boulder beetle
 14617 | Lair:2   | Noticed Nergalle
 14621 | Lair:2   | Killed Nergalle
 14742 | Lair:2   | Noticed a six-headed hydra
 14746 | Lair:2   | Killed a six-headed hydra
 14749 | Lair:2   | Noticed a six-headed hydra
 14754 | Lair:2   | Killed a six-headed hydra
 14785 | Lair:2   | Found a staircase to the Swamp.
 14917 | Lair:3   | Noticed Fannar
 14921 | Lair:3   | Killed Fannar
 14944 | Lair:3   | Noticed an eight-headed hydra
 14986 | Lair:2   | Reached skill level 15 in Dodging
 15148 | Lair:2   | Killed an eight-headed hydra
 15152 | Lair:2   | Reached skill level 15 in Short Blades
 15470 | Lair:3   | Reached XP level 13. HP: 83/84 MP: 13/13
 15630 | Lair:3   | Noticed a catoblepas
 15678 | Lair:3   | Killed a catoblepas
 16403 | Lair:3   | Reached skill level 10 in Stealth
 16612 | Lair:3   | Got the Guide on Shifting Lightness
 16813 | Lair:4   | Reached skill level 16 in Dodging
 17351 | Lair:4   | Identified the +6 rapier "Killer Bee's Death" {drain, rN++}
 17692 | Lair:4   | Noticed a five-headed hydra
 17696 | Lair:4   | Killed a five-headed hydra
 18293 | Lair:5   | Reached skill level 5 in Evocations
 18375 | Lair:5   | Noticed a seven-headed hydra
 18385 | Lair:5   | Killed a seven-headed hydra
 18604 | Lair:5   | Found a staircase to the Slime Pits.
 19332 | Lair:6   | Entered Level 6 of the Lair of Beasts
 19346 | Lair:6   | Noticed a six-headed hydra
 19350 | Lair:6   | Reached skill level 17 in Dodging
 19355 | Lair:6   | Killed a six-headed hydra
 19390 | Lair:6   | Noticed a six-headed hydra
 19404 | Lair:6   | Killed a six-headed hydra
 19405 | Lair:6   | Reached XP level 14. HP: 67/92 MP: 14/14
 20019 | Lair:6   | Paralysed by a hornet for 2 turns
 20599 | Lair:6   | Reached skill level 18 in Dodging
 21613 | Lair:6   | Identified the ring of Midsummer {Wiz rN+ Will+ Int+3}
 21997 | Orc:1    | Entered Level 1 of the Orcish Mines
 22164 | Orc:2    | Entered Level 2 of the Orcish Mines
 22519 | Orc:2    | Found Catiejess's General Store.
 22521 | Orc:2    | Found Narusargheqe's Antique Armour Shoppe.
 22547 | Orc:2    | Reached XP level 15. HP: 31/99 MP: 15/15
 23210 | Orc:2    | Found a staircase to the Elven Halls.
 23811 | Orc:2    | Reached skill level 19 in Dodging
 23856 | Orc:2    | Found Voroic's Antique Armour Shoppe.
 23858 | Orc:2    | Found Ziptiria's Distillery.
 23861 | Orc:2    | Bought a pair of smoking gloves for 370 gold pieces
 23861 | Orc:2    | Identified the -7 pair of gloves of Sloth {rC++} (You
                  | bought it in a shop on level 2 of the Orcish Mines)
 23864 | Orc:2    | Bought a potion of degeneration for 13 gold pieces
 23864 | Orc:2    | Bought a potion of magic for 104 gold pieces
 23888 | Orc:2    | Bought a scroll of acquirement for 832 gold pieces
 23888 | Orc:2    | Bought a scroll of identify for 32 gold pieces
 23951 | Orc:2    | Acquired a scarf of shadows
 24751 | D:9      | Noticed HuGe's ghost (novice MiBe)
 24751 | D:9      | Noticed turdburglar's ghost (novice MiFi)
 24752 | D:9      | Noticed spaghetti's ghost (novice NaFi)
 24754 | D:9      | Killed HuGe's ghost
 24807 | D:9      | Killed spaghetti's ghost
 24822 | D:9      | Killed turdburglar's ghost
 25983 | D:11     | Found a flickering gateway to a bazaar.
 25994 | Bazaar   | Entered a bazaar
 26036 | Bazaar   | Found Impaplix's Book Emporium.
 26075 | Bazaar   | Found Nyxeeho's Book Boutique.
 26094 | Bazaar   | Found Xaorhaw's Magic Scroll Emporium.
 26098 | Bazaar   | Bought a scroll of blinking for 90 gold pieces
 26098 | Bazaar   | Bought a scroll of teleportation for 36 gold pieces
 26098 | Bazaar   | Bought a scroll of identify for 24 gold pieces
 26098 | Bazaar   | Bought a scroll of teleportation for 36 gold pieces
 26098 | Bazaar   | Bought a scroll of identify for 24 gold pieces
 26098 | Bazaar   | Bought a scroll of enchant weapon for 90 gold pieces
 26115 | Bazaar   | Found Qoakhap's Antique Armour Emporium.
 26119 | Bazaar   | Bought a creamy pearl robe for 142 gold pieces
 26119 | Bazaar   | Identified the +1 robe "Zoryetat" {SInv} (You bought it in
                  | a shop in a bazaar)
 26150 | Bazaar   | Bought an Inescapable Atlas for 306 gold pieces
 26161 | Bazaar   | Learned a level 2 spell: Blink
 26167 | Bazaar   | Learned a level 5 spell: Manifold Assault
 27109 | D:11     | Reached skill level 1 in Translocations
 27320 | D:12     | Reached skill level 1 in Spellcasting
 28042 | D:12     | Noticed Sonja
 28044 | D:12     | Killed Sonja
 29041 | D:13     | Noticed Nessos
 29044 | D:13     | Killed Nessos
 29138 | D:13     | Noticed Erolcha
 29141 | D:13     | Killed Erolcha
 29245 | D:13     | Reached skill level 20 in Dodging
 29567 | D:14     | Reached XP level 16. HP: 49/106 MP: 10/20
 30293 | D:14     | Paralysed by a great orb of eyes for 4 turns
 30578 | D:14     | Reached skill level 15 in Stealth
 30626 | D:14     | Got the Reference Book on Shifting Fire
 30669 | D:14     | Identified the +9 fustibalus of Qinnol {freeze, Int+6}
 31036 | D:14     | Reached skill level 15 in Fighting
 31457 | D:14     | Found a gate to the Vaults.
 31573 | D:14     | Reached skill level 5 in Translocations
 31685 | D:14     | Reached skill level 5 in Spellcasting
 32115 | D:14     | Identified the +7 plate armour of Zocenaz {Slay+2}
 32143 | D:15     | Entered Level 15 of the Dungeon
 32171 | D:15     | Found a staircase to the Depths.
 33271 | D:15     | Found an iron altar of Okawaru.
 33638 | D:15     | Found a white marble altar of Elyvilon.
 34109 | Swamp:1  | Entered Level 1 of the Swamp
 34168 | Swamp:1  | Got the Tome of the Wasteland
 34749 | Swamp:1  | Reached XP level 17. HP: 97/115 MP: 22/26
 34782 | Swamp:1  | Paralysed by a hornet for 1 turns
 34783 | Swamp:1  | Slain by a hornet

Illustrated notes

Levels and vault maps discovered:
D:1:      saegor_arrival_simple_b, layout_basic, minmay_misc_feat_diagonals,
          minmay_3d_cube
D:2:      minmay_spotlight, layout_loops_ring, basic_altar, uniq_terence
D:3:      layout_basic, serial_shops, nicolae_shop_bloodbath_and_beyond,
          shapermc_ecumenical_altar_starsandcircs, kennysheep_generic_room_6
D:4:      layout_basic, serial_bayou_pond_c, kennysheep_generic_room_10
D:5:      layout_loops_cross, minmay_temple_entry_hall
D:6:      layout_loops_ring, gammafunk_ghost_abyssal_escape, grunt_tough_drop
D:7:      statuecave_lemuel, layout_basic, gammafunk_temple_overflow_elements,
          minivault_11, grunt_ministairs_4
D:8:      layout_basic, grunt_lair_entry_orc_guard_hut, minmay_quadrilaterals,
          uniq_maggie
D:9:      kennysheep_blocky_hall, layout_basic, minitemple, hiddenorc2_lemuel,
          gammafunk_ghost_cemetery, uniq_joseph
D:10:     layout_basic, minmay_beelzebubs_servants
D:11:     layout_irregular_city, serial_shops, bzr_entry_customers
D:12:     layout_roguey, uniq_sonja
D:13:     layout_gridville, roderic_roman_lattice, uniq_erolcha, uniq_nessos
D:14:     minmay_the_grid_square_5x5_4x4_mashed
          [minmay_the_grid_square_5x5_eight_small,
          minmay_the_grid_square_5x5_beaten_path,
          minmay_the_grid_square_5x5_minibox,
          minmay_the_grid_square_5x5_n_small, minmay_the_grid_square_5x5_plus,
          minmay_the_grid_square_5x5_prize_pseudospiral,
          minmay_the_grid_square_5x5_prize_deathbox,
          minmay_the_grid_square_5x5_bracketed, minmay_the_grid_square_5x5_z,
          minmay_the_grid_square_5x5_prize_snowflake,
          minmay_the_grid_square_5x5_prize_waves,
          minmay_the_grid_square_5x5_checkered,
          minmay_the_grid_square_5x5_corner, minmay_the_grid_square_5x5_fat_x,
          minmay_the_grid_square_5x5_two_walls_a,
          minmay_the_grid_square_5x5_misaligned], layout_loops_ring,
          david_vaults_2, minmay_protected_statue
D:15:     gammafunk_depths_entry_grave, layout_rooms, elyvilon_altar_3,
          okawaru_ov_weapons_minmay
Temple:   mainiacjoe_temple_coin_purse
Lair:1:   layout_chaotic_city
Lair:2:   beast_lair_carwin_large_3, layout_loops_ring,
          palyth_hydra_swamp_entry, guppyfry_snake_entry_island,
          nzn_sisyphean_effort, grunt_megastairs_1, uniq_nergalle
Lair:3:   layout_cellular_growth, infiniplex_staircase_pool, uniq_fannar
Lair:4:   layout_cave_pods, infiniplex_staircase_pool_2
Lair:5:   layout_small_grid, nicolae_slime_entry_slimehenge, lemuel_fruit_tree
Lair:6:   gammafunk_lair_ancient_temple, layout_misc_corridors
Swamp:1:  layout_falls_marsh, gammafunk_ghost_cemetery,
          hangedman_swamp_ruin_wall, swamp_pool5, nicolae_swamp_stuck_in_the_mud
Orc:1:    layout_caves, basic_altar
Orc:2:    st_orc_elflike, layout_caves, basic_altar

Skill      XL: |  1  2  3  4  5  6  7  8  9 10 11 12 13 14 15 16 |
---------------+-------------------------------------------------+-----
Short Blades   | 5 6 7 8 9 11 12 13 15 | 15.0
Fighting       | 4 5 6 7 8 9 11 12 13 14 16 | 16.1
Dodging        | 4 9 11 13 15 17 18 20 | 20.1
Stealth        | 3 6 8 9 11 13 14 15 | 15.0
Evocations     | 1 3 5 8 9 |  9.0
Translocations | 2 6 |  6.1
Spellcasting   | 2 6 |  6.0

Action                   |  1- 3 |  4- 6 |  7- 9 | 10-12 | 13-15 | 16-18 || total
-------------------------+-------+-------+-------+-------+-------+-------++-------
Melee: Short sword       |    40 |    96 |   417 |   219 |       |       ||   772
       Punch             |       |       |     6 |    15 |    25 |    15 ||    61
       Rapier            |       |       |       |   617 |  1228 |   597 ||  2442
 Cast: Blink             |       |       |       |       |       |     1 ||     1
       Manifold Assault  |       |       |       |       |       |     2 ||     2
Evoke: Wand              |       |       |       |     2 |     6 |     1 ||     9
       Box of beasts     |       |       |       |       |     1 |       ||     1
  Use: Scroll            |       |     6 |    10 |     2 |    12 |     1 ||    31
       Potion            |       |       |     1 |     4 |     4 |     1 ||    10
 Stab: Sleeping          |    17 |    21 |     5 |    37 |    62 |    11 ||   153
       Distracted        |       |       |     3 |     3 |    25 |     6 ||    37
       Paralysed         |       |       |       |       |     1 |       ||     1
       Petrified         |       |       |       |       |       |     1 ||     1
Armor: Robe              |     1 |    33 |    50 |       |       |       ||    84
       Ring mail         |       |       |    46 |    12 |       |       ||    58
       Steam dragon scal |       |       |       |    90 |    91 |    72 ||   253
Dodge: Dodged            |    16 |    63 |   225 |   739 |   793 |   459 ||  2295

Table legend: (Time is in decaauts)
 A = Elapsed time spent in this place.
 B = Non-inter-level travel time spent in this place.
 C = Inter-level travel time spent in this place.
 D = Time resting spent in this place.
 E = Time spent auto-exploring this place.
 F = Levels seen in this place.
 G = Mean time per level.
                   A        B        C        D        E       F      G
               +--------+--------+--------+--------+--------+-----+--------+
         Total |  33367 |  32042 |   1325 |   8047 |  17784 |  26 | 1283.3 |
       Dungeon |  20016 |  19200 |    816 |   3545 |  12054 |  15 | 1334.4 |
        Temple |    236 |    230 |      6 |      0 |    128 |   1 |  236.0 |
          Lair |   9671 |   9253 |    418 |   3101 |   4372 |   6 | 1611.8 |
         Swamp |    665 |    665 |      0 |    352 |    195 |   1 |  665.0 |
  Orcish Mines |   2566 |   2483 |     83 |   1049 |    918 |   2 | 1283.0 |
        Bazaar |    212 |    212 |      0 |      0 |    116 |   1 |  212.0 |
               +--------+--------+--------+--------+--------+-----+--------+

Top non-repeatable levels by time:
     D:9: 2454 daAuts
    D:14: 2434 daAuts
  Lair:6: 2106 daAuts
  Lair:2: 1963 daAuts
    D:13: 1725 daAuts
     D:6: 1722 daAuts
    D:10: 1638 daAuts
  Lair:5: 1532 daAuts
  Lair:1: 1469 daAuts
     D:7: 1455 daAuts
  Lair:3: 1405 daAuts
   Orc:1: 1390 daAuts
     D:8: 1345 daAuts
    D:15: 1246 daAuts
  Lair:4: 1193 daAuts
